Map: Ulrena

Players

SticklerMac - Winner!

  • Race: Zerg Zerg
  • League: Platinum

ScrubRandall

  • Race: Zerg Zerg
  • League: Platinum

VOD

Have the link to the VOD?

Description

Time

  • Played on: Nov. 11, 2015, 5:01 p.m.
  • Length: 3:38
Show
View Real Time Build Order
Export as new Build Order

SticklerMac Zerg - Winner!

Build Orders: Hatch First 

Get SALT Encoding   

  12  0:01  Drone  
  13  0:13  Overlord  
  13  0:17  Drone  
  14  0:31  Drone x2  
  16  0:52  Hatchery  
  15  0:59  Extractor  
  14  1:06  Spawning Pool  
  14  1:10  Drone  
  14  1:15  Drone  
  15  1:19  Drone  
  15  1:24  Drone  
  17  1:33  Drone  
  18  1:44  Drone  
  19  1:55  Zergling x2  
  19  1:56  Queen  
  22  2:02  Metabolic Boost  
  22  2:06  Zergling x4  
  23  2:16  Zergling x4  
  23  2:27  Zergling x2  
  23  2:37  Queen  
  23  2:42  Zergling x2  
  26  2:50  Zergling x2  
  26  3:00  Zergling x2  
  26  3:02  Overlord x2  
  27  3:11  Baneling Nest, Zergling x2  
Show
View Real Time Build Order
Export as new Build Order

ScrubRandall Zerg 

Build Orders: Pool First 

Get SALT Encoding   

  12  0:01  Drone  
  13  0:08  Drone  
  14  0:31  Spawning Pool  
  14  0:32  Extractor  
  14  0:33  Drone  
  14  0:35  Drone  
  14  0:55  Overlord  
  14  1:14  Hatchery  
  13  1:18  Zergling x2  
  13  1:23  Zergling x2  
  15  1:28  Zergling x2  
  16  1:43  Queen  
  18  1:56  Metabolic Boost  
  18  1:58  Zergling x2  
  18  2:00  Zergling x2  
  20  2:03  Zergling x2  
  21  2:22  Zergling x2  
  21  2:27  Queen  
  21  2:28  Overlord  
  22  2:44  Zergling x6  
  22  2:45  Zergling x2  
  23  2:58  Zergling x4  
  23  2:59  Zergling x2  
  23  3:03  Zergling x2  
  27  3:11  Overlord  
Tags
 
Add a new tag
Caveats
  • Supply blocks, unpowered buildings, or Contaminate may cause inaccurate times.
  • Supply counts are checked every 10 seconds.